 Dungeon Crawl Stone Soup version 0.22.0-38-g04b72b8 (webtiles) character file.

1852 poirepourri the Cleaver (level 8, -4/78 HPs)
             Began as a Deep Dwarf Fighter on Aug 30, 2018.
             Slain by an orc warrior
             ... wielding a +0 long sword
              (7 damage)
             ... on level 6 of the Dungeon.
             The game lasted 00:03:58 (3033 turns).

poirepourri the Cleaver (Deep Dwarf Fighter)        Turns: 3033, Time: 00:03:58

Health: -4/78      AC:  8    Str: 20    XL:     8   Next: 88%
Magic:  15/15      EV:  7    Int:  9    God:
Gold:   210        SH: 11    Dex: 14    Spells: 7/7 levels left

rFire    . . .     SeeInvis .   a - +2 war axe
rCold    . . .     Gourm    .   c - +2 shield
rNeg     . . .     Faith    .   b - +0 scale mail
rPois    .         Spirit   .   (no helmet)
rElec    .         Reflect  .   l - +0 cloak
rCorr    .         Harm     .   (no gloves)
MR       +....                  (no boots)
Stlth    ..........             (no amulet)
HPRegen  0.00/turn              g - ring of magical power
MPRegen  0.14/turn              (no ring)

@: non-regenerating, slowed, very slow
A: damage resistance, heal wounds, sense surroundings 1, no regeneration
a: Heal Wounds


You were on level 6 of the Dungeon.
You were not hungry.

You visited 1 branch of the dungeon, and saw 6 of its levels.

You collected 210 gold pieces.

Inventory:

Hand Weapons
 a - a +2 war axe (weapon)
Missiles
 h - 7 javelins (quivered)
 k - 28 bolts
Armour
 b - a +0 scale mail (worn)
 c - a +2 shield (worn)
 l - a +0 cloak (worn)
Jewellery
 g - a ring of magical power (left hand)
Scrolls
 i - 3 scrolls of teleportation
 m - a scroll of remove curse
Potions
 d - a potion of flight
 e - 2 potions of curing
 j - a potion of magic
Comestibles
 f - 2 rations


   Skills:
 + Level 6.7 Fighting
 - Level 10.4 Axes
 - Level 3.2 Armour
 - Level 3.2 Shields


You had 7 spell levels left.
You didn't know any spells.
Your spell library was empty.

Dungeon Overview and Level Annotations

Branches:
Dungeon (6/15)
 Temple: D:4-7

Altars:
Ashenzari


Innate Abilities, Weirdness & Mutations

You are resistant to damage.
You can heal yourself by infusing magical energy.
You passively map a small area around you.
You do not regenerate.


Message History

The phantom hits you but does no damage.
The freed slave closely misses the orc warrior.
Something hits you.
* * * LOW HITPOINT WARNING * * *
Something shocks you.
* * * LOW HITPOINT WARNING * * *
The orc warrior hits you with a long sword.
The adder zombie bites you.
* * * LOW HITPOINT WARNING * * *
The phantom blinks!
You hit the orc warrior but do no damage.
The orc warrior is heavily wounded.
You hit the adder zombie but do no damage.
You hit something but do no damage.
The freed slave barely misses the orc warrior.
The freed slave hits the orc warrior but does no damage.
Something hits you but does no damage. The adder zombie bites you.
The freed slave barely misses the orc warrior.
The orc warrior hits you with a long sword!
You die...

######......
#............ ,
#........W..# *
####............
................
, ,
........$.).....
,*,#...≈pp†..# ,
, , *#{o)...###
* , , *,
#p@Z...... ,, ,
.......)..!####
**
....##.........
..., #.....####
. ........ ,
,.......... , *
, .....#Z####, ,
$##.p....* * , *


You could see a phantom, an orc warrior, an adder zombie, a quokka skeleton and
4 neutral freed slaves.

Vanquished Creatures
  Pikel (D:6)
  Sigmund (D:2)
  An ice beast (D:3)
  A phantom (D:4)
  A centaur (D:5)
  An ogre (D:4)
  A bullfrog zombie (D:5)
  4 orc priests
  7 orc wizards
  4 hounds
  A bullfrog skeleton (D:6)
  2 worker ants (D:4)
  2 hound skeletons
  A worker ant zombie (D:5)
  Robin (D:2)
  8 gnolls
  11 adders
  2 river rats (D:4)
  An ooze (D:1)
  5 worms
  3 dart slugs
  4 leopard geckos
  8 orcs
  4 ball pythons
  5 giant cockroaches
  16 goblins
  10 hobgoblins
  9 jackals
  9 kobolds
  2 quokkas
  8 bats
  2 frilled lizards (D:2)
  A jackal skeleton (D:4)
  2 leopard gecko skeletons
  15 rats
154 creatures vanquished.

Vanquished Creatures (others)
  2 orcs (D:6)
2 creatures vanquished.

Grand Total: 156 creatures vanquished

Notes
Turn   | Place    | Note
-------+----------+-------------------------------------------
     0 | D:1      | poirepourri the Deep Dwarf Fighter began the quest for the Orb.
     0 | D:1      | Reached XP level 1. HP: 20/20 MP: 1/1
    54 | D:1      | Reached skill level 3 in Axes
    54 | D:1      | Reached XP level 2. HP: 27/27 MP: 2/2
   501 | D:2      | Noticed Robin
   507 | D:2      | Reached XP level 3. HP: 20/33 MP: 3/3
   511 | D:2      | Reached skill level 4 in Axes
   553 | D:2      | Killed Robin
   562 | D:2      | Reached XP level 4. HP: 26/40 MP: 4/4
   714 | D:2      | Reached skill level 5 in Axes
   843 | D:2      | Noticed Sigmund
   857 | D:2      | Killed Sigmund
   857 | D:2      | Reached skill level 7 in Axes
   857 | D:2      | Reached XP level 5. HP: 25/46 MP: 5/5
   857 | D:2      | Reached XP level 6. HP: 30/55 MP: 6/6
  1510 | D:3      | Noticed an ice beast
  1518 | D:3      | Killed an ice beast
  1518 | D:3      | Reached skill level 8 in Axes
  1855 | D:4      | Reached XP level 7. HP: 42/61 MP: 7/7
  1875 | D:4      | Reached skill level 9 in Axes
  2051 | D:4      | Reached skill level 10 in Axes
  2370 | D:4      | Found a glowing drain.
  2492 | D:5      | Entered Level 5 of the Dungeon
  2509 | D:5      | Reached XP level 8. HP: 38/68 MP: 7/7
  2833 | D:5      | Found a shattered altar of Ashenzari.
  3008 | D:6      | Noticed Pikel
  3023 | D:6      | Reached skill level 5 in Fighting
  3026 | D:6      | Killed Pikel
  3032 | D:6      | HP: 3/78 [adder zombie (1)]
  3033 | D:6      | Slain by an orc warrior

Skill      XL: |  1  2  3  4  5  6  7  8 |
---------------+-------------------------+-----
Axes           | 3 4 7 8 10 | 10.4
Fighting       | 6 |  6.7
Armour         | |  3.2
Shields        | |  3.2

Action                   |  1- 3 |  4- 6 |  7- 9 || total
-------------------------+-------+-------+-------++-------
Melee: War axe           |   107 |   164 |   187 ||   458
 Abil: Heal Wounds       |     1 |     3 |     6 ||    10
  Use: Potion            |     1 |       |     2 ||     3
       Scroll            |     4 |     8 |     5 ||    17
  Eat: Ration            |       |     1 |     2 ||     3
Armor: Scale mail        |    79 |    63 |   114 ||   256
Dodge: Dodged            |    53 |    53 |    46 ||   152
Block: Shield            |    82 |   104 |   128 ||   314
